Map: Ulrena

Players

Jona

  • Race: Zerg Zerg
  • League: Master

SpaceMarine - Winner!

  • Race: Protoss Protoss
  • League: Grandmaster

Event: NationWars III

VOD

Have the link to the VOD?

Description

Time

  • Played on: Dec. 10, 2015, 1:13 p.m.
  • Length: 9:50
Show
View Real Time Build Order
Export as new Build Order

Jona Zerg 

Build Orders: Pool First 

Get SALT Encoding   

  12  0:00  Drone  
  13  0:10  Drone  
  14  0:26  Spawning Pool  
  13  0:30  Drone  
  14  0:36  Extractor  
  14  0:37  Drone  
  15  0:43  Extractor  
  15  0:44  Extractor  
  15  0:45  Drone  
  15  0:47  Overlord  
  16  1:13  Zergling x2  
  16  1:14  Zergling x4  
  19  1:19  Queen  
  19  1:24  Zergling x2  
  22  1:39  Hatchery  
  21  1:45  Overlord  
  21  1:47  Drone  
  21  1:49  Extractor  
  21  1:58  Drone  
  22  2:08  Drone  
  23  2:17  Queen  
  23  2:19  Drone  
  26  2:28  Drone  
  26  2:29  Drone x2  
  29  2:43  Hatchery  
  28  2:49  Drone  
  29  2:54  Metabolic Boost  
  29  3:01  Overlord  
  29  3:12  Drone x3  
  32  3:15  Drone  
  32  3:19  Drone  
  33  3:20  Drone  
  34  3:28  Drone x3  
  37  3:36  Zergling x2  
  37  3:37  Zergling x4  
  37  3:52  Queen  
  37  3:54  Drone x2  
  39  3:57  Drone x4  
  39  4:02  Drone x2  
  44  4:11  Drone x2  
  44  4:12  Drone x2  
  48  4:20  Overlord  
  48  4:21  Overlord  
  48  4:26  Spine Crawler, Zergling x4  
  47  4:39  Zergling x6  
  47  4:40  Zergling x8  
  41  5:01  Drone  
  41  5:02  Drone x6  
  46  5:09  Drone  
  45  5:14  Drone x2  
  45  5:20  Drone  
  47  5:31  Drone x6  
  53  5:37  Lair  
  53  5:41  Overlord x2  
  53  5:43  Zergling x4  
  53  5:44  Zergling x2  
  51  5:57  Zergling x2  
  51  5:58  Zergling x8  
  51  6:02  Drone x4  
  56  6:07  Roach Warren  
  56  6:10  Zergling x8  
  48  6:34  Drone x7  
  55  6:40  Overlord  
  55  6:41  Drone x4  
  55  6:43  Queen  
  60  6:52  Roach x4  
  59  7:10  Roach x4  
  59  7:12  Zergling x6  
  67  7:20  Overseer  
  58  7:28  Zergling x12  
  58  7:41  Drone  
  58  7:42  Drone x2  
  58  7:43  Drone x2  
  57  7:53  Overseer  
  57  7:55  Drone  
  57  7:56  Drone x6  
  63  8:11  Drone x6  
  69  8:16  Overlord, Spine Crawler  
  68  8:24  Overlord  
  68  8:29  Zergling x12  
  68  8:30  Extractor  
  72  8:35  Roach x2, Zergling x2  
  77  8:42  Queen  
  77  8:56  Drone x9  
  86  9:06  Overlord  
  86  9:07  Overlord  
  87  9:10  Drone x4  
  90  9:22  Roach x4, Zergling x6  
  96  9:26  Roach  
Show
View Real Time Build Order
Export as new Build Order

SpaceMarine Protoss - Winner!

Build Orders: Mass Adepts 

Get SALT Encoding   

  12  0:01  Probe (Chrono Boost)  
  13  0:11  Probe (Chrono Boost)  
  14  0:17  Pylon  
  14  0:22  Probe (Chrono Boost)  
  15  0:36  Probe (Chrono Boost)  
  15  0:37  Gateway  
  16  0:43  Assimilator  
  16  0:47  Probe (Chrono Boost)  
  17  0:57  Probe (Chrono Boost)  
  18  1:08  Probe (Chrono Boost)  
  20  1:18  Probe (Chrono Boost)  
  20  1:24  Cybernetics Core, Zealot (Chrono Boost)  
  22  1:29  Probe (Chrono Boost)  
  22  1:31  Pylon  
  23  1:49  Probe, Zealot (Chrono Boost), Pylon  
  26  2:01  Probe  
  27  2:02  Gateway  
  27  2:06  Warp Gate (Chrono Boost)  
  27  2:07  Gateway  
  26  2:16  Assimilator  
  26  2:19  Mothership Core  
  28  2:27  Pylon  
  28  2:34  Adept  
  30  2:40  Probe  
  31  2:56  Sentry  
  33  3:01  Nexus  
  33  3:07  Pylon  
  33  3:13  Sentry, Probe  
  36  3:26  Probe  
  37  3:38  Probe (Chrono Boost), Gateway  
  38  3:50  Probe (Chrono Boost)  
  37  3:56  Adept x3  
  37  4:00  Probe (Chrono Boost)  
  44  4:11  Probe (Chrono Boost)  
  44  4:16  Probe (Chrono Boost), Robotics Facility  
  46  4:22  Adept  
  48  4:30  Adept  
  48  4:31  Adept  
  50  4:46  Probe (Chrono Boost)  
  50  4:47  Probe (Chrono Boost)  
  44  4:58  Probe (Chrono Boost), Adept x4  
  51  5:04  Twilight Council  
  51  5:12  Probe (Chrono Boost)  
  50  5:14  Mothership Core (Chrono Boost), Warp Prism (Chrono Boost)  
  50  5:23  Probe (Chrono Boost)  
  50  5:26  Assimilator  
  51  5:31  Assimilator  
  51  5:32  Stalker  
  51  5:34  Probe x2 (Chrono Boost)  
  55  5:42  Dark Shrine  
  55  5:45  Probe x2 (Chrono Boost)  
  53  5:57  Probe (Chrono Boost)  
  50  6:05  Adept x3  
  50  6:06  Adept  
  50  6:07  Probe (Chrono Boost)  
  50  6:08  Probe (Chrono Boost)  
  56  6:22  Probe x2 (Chrono Boost)  
  56  6:24  Pylon  
  59  6:33  Probe x2 (Chrono Boost)  
  59  6:34  Zealot  
  59  6:36  Gateway  
  62  6:40  Pylon  
  62  6:41  Probe (Chrono Boost), Blink (Chrono Boost)  
  62  6:44  Probe, Immortal  
  68  6:48  Zealot  
  68  6:51  Pylon  
  68  7:02  Pylon  
  68  7:06  Dark Templar x2  
  63  7:12  Dark Templar  
  61  7:21  Probe  
  61  7:22  Probe  
  61  7:31  Probe  
  61  7:32  Dark Templar  
  61  7:34  Probe  
  59  7:45  Probe  
  59  7:47  Probe  
  59  7:48  Immortal (Chrono Boost)  
  65  7:52  Stalker x2  
  65  7:56  Pylon  
  69  8:04  Adept x3  
  74  8:21  Stalker x2  
  74  8:25  Archon  
  78  8:34  Stalker x2  
  78  8:35  Stalker  
  78  8:38  Nexus  
  84  8:47  Pylon  
  82  8:58  Stalker x3  
  82  9:00  Stalker  
  82  9:01  Sentry  
  92  9:21  Adept  
  92  9:22  Adept x2  
  92  9:24  Adept x2  
Tags
 
Add a new tag
Caveats
  • Supply blocks, unpowered buildings, or Contaminate may cause inaccurate times.
  • Supply counts are checked every 10 seconds.